 Dungeon Crawl Stone Soup version 0.31-a0-557-g6e16503903 (webtiles) character file.

Game seed: 16769178893534057661

9947 avis the Grappler (level 11, -2/97 HPs)
             Began as a Hill Orc Monk on Aug 16, 2023.
             Was a Priest of Beogh.
             Slain by a skeletal warrior
             ... wielding a +0 short sword
              (23 damage)
             ... on level 10 of the Dungeon.
             The game lasted 01:12:02 (11582 turns).

avis the Grappler (Hill Orc Monk)                  Turns: 11582, Time: 01:12:02

Health: -2/97      AC: 10    Str: 21    XL:     11   Next: 54%
Magic:  5/11       EV: 13    Int: 14    God:    Beogh [***...]
Gold:   615        SH:  9    Dex: 12    Spells: 10/10 levels left

rFire   . .          .
                       - Unarmed
rCold   x . .        T - +0 kite shield
rNeg    . . .        H - +0 chain mail "Quthoj" {Str+3}
rPois   .            p - melded +0 helmet
rElec   .            e - melded +0 cloak
rCorr   .            F - melded +0 pair of gloves
SInv    .            J - melded +0 pair of boots
Will    .....        Y - amulet of regeneration Stlth
                     j - +5 ring of evasion
HPRegen 1.16/turn    C - ring of fire
MPRegen 0.12/turn

%: no passive effects
@: beast-form
A: beast (slay +4), clever 1, heat vulnerability 1
a: Begin Untransformation, Renounce Religion, Smiting


You were on level 10 of the Dungeon.
You worshipped Beogh.
Beogh was most pleased with you.
You were a hulking beast.
You visited 2 branches of the dungeon, and saw 11 of its levels.
You also visited: Ossuary.

You collected 615 gold pieces.

Inventory:

Hand Weapons
 y - a +0 orcbow
Missiles
 f - 3 boomerangs
 s - 7 throwing nets
Armour
 e - a +0 cloak (melded)
 n - a +0 chain mail
 p - a +0 helmet (melded)
 A - a +0 chain mail
 B - a +0 chain mail
 E - a +1 troll leather armour {Snorg}
 F - a +0 pair of gloves (melded)
 H - the +0 chain mail "Quthoj" (worn) {Str+3}
   (You found it on level 10 of the Dungeon)

   Str+3:     It affects your strength (+3).
 J - a +0 pair of boots (melded)
 T - a +0 kite shield (worn)
 W - a +0 plate armour
Jewellery
 j - a +5 ring of evasion (left hand)
 x - a ring of ice
 C - a ring of fire (right hand)
 G - a ring of protection from cold
 Y - an amulet of regeneration (around neck)
Talismans
 h - a beast talisman (active)
Wands
 t - a wand of iceblast (5)
 v - a wand of mindburst (1)
 w - a wand of paralysis (14)
 V - a wand of acid (5)
Scrolls
 b - a scroll of vulnerability {unknown}
 d - 17 scrolls of identify {unknown}
 g - 2 scrolls of amnesia {unknown}
 i - 3 scrolls of fear {unknown}
 k - a scroll of revelation {unknown}
 l - 2 scrolls of poison {unknown}
 m - a scroll of fog {unknown}
 o - 4 scrolls of teleportation {unknown}
 r - 3 scrolls of enchant armour {unknown}
 M - a scroll of torment {unknown}
Potions
 a - a potion of degeneration {unknown}
 c - a potion of cancellation {unknown}
 q - a potion of magic {unknown}
 u - a potion of invisibility {unknown}
 z - 2 potions of might {unknown}
 D - a potion of attraction {unknown}
 I - a potion of ambrosia
 K - a potion of resistance {unknown}
 N - 2 potions of enlightenment {unknown}
 O - 5 potions of curing
 P - a potion of heal wounds
 S - 2 potions of haste {unknown}


   Skills:
 + Level 9.5 Fighting
 + Level 5.7 Armour
 + Level 3.6 Dodging
 + Level 5.7 Shields
 + Level 13.0 Unarmed Combat
 - Level 6.0 Shapeshifting


You had 10 spell levels left.
You didn't know any spells.
Your spell library contained the following spells:

 Spells                   Type           Power      Damage    Failure   Level
 Magic Dart               Conj           0%         1d3       99%         1
 Necrotise                Necr           0%         1d4       99%         1
 Call Imp                 Summ           0%         N/A       99%         2
 Frozen Ramparts          Ice            0%         1d1       100%        3
 Inner Flame              Hex/Fire       0%         N/A       100%        3
 Mephitic Cloud           Conj/Pois/Air  0%         N/A       100%        3
 Vampiric Draining        Necr           0%         2d6       100%        3
 Petrify                  Tmut/Erth      0%         N/A       100%        4
 Agony                    Necr           0%         N/A       100%        5
 Iskenderun's Battlesphe  Conj           0%         2d6       100%        5
 Metabolic Englaciation   Hex/Ice        0%         N/A       100%        5
 Yara's Violent Unravell  Hex/Tmut       0%         3d3       100%        5
 Leda's Unmaking          Conj/Erth      0%         9d1       100%        6
 Enfeeble                 Hex            0%         N/A       100%        7
 Spellforged Servitor     Conj/Summ      0%         N/A       100%        7


Dungeon Overview and Level Annotations

Branches:
Dungeon (10/15)            Temple (1/1) D:7             Orc (0/2) D:9
Ossuary (visited)
   Lair: D:8-11

Altars:
Ashenzari
Cheibriados
Dithmenos
Elyvilon
Fedhas
Gozag
Hepliaklqana
Kikubaaqudgha
Makhleb
Nemelex Xobeh
Qazlal
Ru
Sif Muna
Trog
Uskayaw
Vehumet
Wu Jian
Xom
Yredelemnul
Zin
The Shining One
Beogh

Shops:
D:3 =   D:4 !   D:6 (

Annotations:
D:3 1 runed translucent door, innerfire43's ghost, amateur DsMo
D:6 2 transporters, Shayle's ghost, novice OgSh
D:10 3 runed translucent doors


Innate Abilities, Weirdness & Mutations

You are a hulking beast.
Your limbs bulge with bestial killing power. (Slay +4)
Your mind is acute. (Int +4, Str/Dex -1)
You are vulnerable to heat. (rF-)


Message History

Smite: a skeletal warrior, wielding a +0 battleaxe (ally target)
You smite the skeletal warrior!
The skeletal warrior is lightly damaged.
Your orc priest mumbles some strange prayers to Beogh against the skeletal warrior.
The skeletal warrior is smitten.
The orc priest looks satisfied for a moment.
Your orc hits the orc priest but does no damage.
Your orc priest hits the skeletal warrior with a +0 trident.
You hit the skeletal warrior but do no damage.
The skeletal warrior is moderately damaged.
You block the skeletal warrior's attack.
The skeletal warrior hits your orc priest with a +0 battleaxe!
Your orc priest completely misses the skeletal warrior.
You closely miss the skeletal warrior.
The skeletal warrior is moderately damaged.
The skeletal warrior hits you with a +0 battleaxe!
The skeletal warrior hits your orc priest with a +0 battleaxe!
The skeletal warrior closely misses you.
Your orc priest hits the skeletal warrior but does no damage.
You hit the skeletal warrior but do no damage.
The skeletal warrior is moderately damaged.
You block the skeletal warrior's attack.
The skeletal warrior hits your orc priest with a +0 battleaxe.
The skeletal warrior hits you with a +0 dire flail!
The skeletal warrior hits you with a +0 short sword!
Your orc hits the orc priest but does no damage.
Your orc priest hits the skeletal warrior but does no damage.
Aiming: Smiting
Press: ? - help, Dir - move target, f/p - skeletal warrior Smite: a skeletal warrior, wielding a +0 battleaxe (moderately damaged, ally target)
You smite the skeletal warrior!
The skeletal warrior is heavily damaged.
The skeletal warrior hits you with a +0 battleaxe!!
The skeletal warrior hits your orc priest with a +0 battleaxe!
You block the orc priest's attack.
The orc priest hits your orc priest with a +0 war axe.
The skeletal warrior hits you with a +0 dire flail!
* * * LOW HITPOINT WARNING * * *
The skeletal warrior hits you with a +0 short sword!!
You die...

#. #..## ###...#....
..#...####....##.###
#.##..........#..#
##..#.........##.#
#...##.......##..#
#....###+++###..#
.##..............## #
......zo..####..## #
##..zzh.######.########
......zo................
###...o.)..####..#####..
#....o.#...##...###..#
#......###.......#..##
#....).# ####.........
###.).## ##........
##... #...##### #...#


You could see 4 skeletal warriors, an orc priest (ally target), 2 friendly orc
priests and a friendly orc.

Vanquished Creatures
  Snorg (D:9)
  Harold (D:9)
  A gargoyle (D:9)
  A kobold demonologist (D:7)
  Prince Ribbit (D:5)
  Sigmund (D:4)
  A wyvern (D:7)
  A wraith (D:5)
  14 yaks
  Eustachio (D:5)
  3 steam dragons
  Edmund (D:5)
  Menkaure (D:5)
  3 water moccasins
  3 acid dragons
  Duvessa (D:5)
  3 black bears
  An ice beast (D:5)
  An orc warrior (D:8)
  2 sky beasts
  2 ogres (D:5)
  A centaur (D:9)
  2 phantoms
  2 kobold brigands (D:6)
  3 elf zombies (Ossuary)
  7 bullfrogs
  A gnoll sergeant (D:7)
  2 scorpions
  9 wights
  Dowan (D:5)
  A water moccasin skeleton (D:5)
  A howler monkey (D:8)
  3 jellies
  4 orc priests
  A hound (D:4)
  An iron imp (D:5)
  A sleepcap (D:6)
  4 gnoll boudas
  2 iguanas (D:6)
  4 orc wizards
  3 mummies
  21 gnolls
  3 adders
  7 river rats (D:4)
  3 white imps
  2 ufetubi (D:6)
  A worm (D:4)
  5 dart slugs
  25 orcs
  6 ball pythons
  2 bats (D:1)
  5 endoplasms
  4 giant cockroaches
  2 goblins
  4 hobgoblins
  3 jackals (D:1)
  4 quokkas
  3 goblin zombies (Ossuary)
  11 hobgoblin zombies (Ossuary)
  A jackal zombie (Ossuary)
  15 kobolds
  11 kobold zombies (Ossuary)
  7 orc zombies (Ossuary)
  17 rats
  A rat zombie (Ossuary)
260 creatures vanquished.

Vanquished Creatures (collateral kills)
  A gargoyle (D:9)
  A troll (D:10)
  2 yaks (D:9)
  An orc priest (D:10)
  2 orc wizards (D:10)
  An orc (D:9)
8 creatures vanquished.

Vanquished Creatures (others)
  2 sky beasts (D:7)
  4 orcs
6 creatures vanquished.

Grand Total: 274 creatures vanquished

Notes
Turn   | Place    | Note
-------+----------+-------------------------------------------
     0 | D:1      | avis the Hill Orc Monk began the quest for the Orb.
     0 | D:1      | Reached XP level 1. HP: 19/19 MP: 1/1
   220 | D:1      | Reached XP level 2. HP: 25/26 MP: 2/2
   439 | D:1      | Reached skill level 4 in Unarmed Combat
   757 | D:1      | Reached XP level 3. HP: 24/31 MP: 3/3
  2011 | D:3      | Found a runed translucent door.
  2011 | D:3      | Noticed innerfire43's ghost (amateur DsMo)
  2178 | D:3      | Found Hifux's Jewellery Shoppe.
  2340 | D:3      | Reached XP level 4. HP: 39/39 MP: 4/4
  2402 | D:3      | Reached skill level 5 in Unarmed Combat
  3022 | D:4      | Noticed a phantom
  3039 | D:4      | Killed a phantom
  3040 | D:4      | Reached skill level 6 in Unarmed Combat
  3040 | D:4      | Reached XP level 5. HP: 38/46 MP: 5/5
  3185 | D:4      | Found a shimmering altar of Xom.
  3185 | D:4      | Noticed Sigmund
  3201 | D:4      | Gained mutation: Your spells are a little easier to cast,
                  | but a little less powerful. [potion of mutation]
  3201 | D:4      | Gained mutation: You have a pair of small antennae on your
                  | head. [potion of mutation]
  3201 | D:4      | Gained mutation: You are partially covered in iridescent
                  | scales. (AC +2) [potion of mutation]
  3231 | D:4      | Killed Sigmund
  3232 | D:4      | Reached skill level 7 in Unarmed Combat
  3232 | D:4      | Reached XP level 6. HP: 41/52 MP: 6/6
  3342 | D:4      | Noticed a black bear
  3360 | D:4      | Killed a black bear
  3361 | D:4      | Reached XP level 7. HP: 21/60 MP: 7/7
  3751 | D:4      | Found Zuycwem's Distillery.
  3866 | D:4      | You fall into a shaft and drop 1 floor!
  3866 | D:5      | Entered Level 5 of the Dungeon
  3884 | D:5      | Found a snail-covered altar of Cheibriados.
  3976 | D:5      | Reached skill level 8 in Unarmed Combat
  4024 | D:5      | Reached skill level 5 in Fighting
  4142 | D:5      | Noticed Prince Ribbit
  4152 | D:5      | Killed Prince Ribbit
  4153 | D:5      | Reached XP level 8. HP: 59/68 MP: 8/8
  4194 | D:5      | Found a basalt altar of Yredelemnul.
  4196 | D:5      | Noticed Menkaure
  4199 | D:5      | Found an ancient bone altar of Kikubaaqudgha.
  4213 | D:5      | Reached skill level 9 in Unarmed Combat
  4956 | D:5      | Noticed a wraith
  4966 | D:5      | Found a transporter.
  5005 | D:5      | Found a transporter.
  5072 | D:5      | Noticed Dowan
  5099 | D:5      | Killed Dowan
  5144 | D:5      | Lost mutation: You have a pair of small antennae on your
                  | head. [potion of mutation]
  5144 | D:5      | Lost mutation: You are partially covered in iridescent
                  | scales. (AC +2) [potion of mutation]
  5144 | D:5      | Gained mutation: You are frail. (-10% HP) [potion of
                  | mutation]
  5144 | D:5      | Gained mutation: Your muscles are strong. (Str +4, Int/Dex
                  | -1) [potion of mutation]
  5144 | D:5      | Lost mutation: You are frail. (-10% HP) [potion of
                  | mutation]
  5145 | D:5      | Lost mutation: Your spells are a little easier to cast, but
                  | a little less powerful. [potion of mutation]
  5145 | D:5      | Lost mutation: Your muscles are strong. (Str +4, Int/Dex
                  | -1) [potion of mutation]
  5145 | D:5      | Gained mutation: Your flesh is cold resistant. (rC+)
                  | [potion of mutation]
  5145 | D:5      | Gained mutation: You are occasionally teleported next to
                  | monsters. [potion of mutation]
  5207 | D:5      | Noticed Eustachio
  5223 | D:5      | Killed Eustachio
  5475 | D:5      | Found an ornate altar of the Wu Jian Council.
  5481 | D:5      | Noticed Duvessa
  5500 | D:5      | Killed Duvessa
  5694 | D:5      | Noticed Edmund
  5708 | D:5      | Killed Edmund
  5709 | D:5      | Reached skill level 10 in Unarmed Combat
  5759 | D:5      | Killed a wraith
  5760 | D:5      | Reached XP level 9. HP: 17/74 MP: 9/9
  5762 | D:5      | Killed Menkaure
  6168 | D:5      | Lost mutation: Your flesh is cold resistant. (rC+) [potion
                  | of mutation]
  6168 | D:5      | Lost mutation: You are occasionally teleported next to
                  | monsters. [potion of mutation]
  6168 | D:5      | Gained mutation: You are vulnerable to heat. (rF-) [potion
                  | of mutation]
  6168 | D:5      | Gained mutation: Your mind is acute. (Int +4, Str/Dex -1)
                  | [potion of mutation]
  6390 | D:5      | Upgraded the game from 0.31-a0-544-gceb718ecc6 to
                  | 0.31-a0-557-g6e16503903
  6495 | D:6      | Reached skill level 5 in Armour
  6495 | D:6      | Reached skill level 5 in Shields
  6579 | D:6      | Found a sand-covered staircase.
  6594 | Ossuary  | Entered an ossuary
  6629 | Ossuary  | Reached skill level 11 in Unarmed Combat
  6807 | Ossuary  | Reached skill level 1 in Shapeshifting
  6972 | D:6      | Found a transporter.
  6979 | D:6      | Noticed Shayle's ghost (novice OgSh)
  6979 | D:6      | Identified the +11 dire flail of Eggeucul {vamp, rF+}
  6981 | D:6      | Found a transporter.
  7396 | D:6      | Found a white marble altar of Elyvilon.
  7468 | D:6      | Identified the +9 glaive of Honour {spect, *Noise rF+
                  | Dex+6}
  7550 | D:6      | Found Reucot's Antique Weapon Shop.
  8044 | D:7      | Reached XP level 10. HP: 83/83 MP: 10/10
  8907 | D:7      | Found a staircase to the Ecumenical Temple.
  8916 | D:7      | Identified the +1 scale mail of the Mind {rF- rN+++ Regen+
                  | SInv}
  8920 | Temple   | Entered the Ecumenical Temple
  9030 | D:7      | Became a worshipper of Beogh the Brigand
  9030 | D:7      | Reached * piety under Beogh
  9030 | D:7      | Reached ** piety under Beogh
  9445 | D:8      | Noticed a kobold demonologist
  9458 | D:7      | Killed a kobold demonologist
  9459 | D:7      | Reached skill level 12 in Unarmed Combat
  9579 | D:8      | Reached skill level 5 in Shapeshifting
 10052 | D:8      | Found a stormy altar of Qazlal.
 10416 | D:9      | Found a staircase to the Orcish Mines.
 10421 | D:9      | Reached XP level 11. HP: 94/94 MP: 11/11
 10433 | D:9      | Found a roughly hewn altar of Beogh.
 10446 | D:9      | Reached *** piety under Beogh
 11098 | D:9      | Noticed Harold
 11107 | D:9      | Killed Harold
 11161 | D:9      | Found a sacrificial altar of Ru.
 11321 | D:10     | Entered Level 10 of the Dungeon
 11332 | D:10     | Noticed Snorg
 11395 | D:9      | Killed Snorg
 11396 | D:9      | Reached skill level 13 in Unarmed Combat
 11439 | D:10     | Identified the +0 chain mail "Quthoj" {Str+3}
 11559 | D:10     | Found a runed translucent gate.
 11560 | D:10     | Found a runed translucent gate.
 11560 | D:10     | Found a runed translucent gate.
 11574 | D:10     | Noticed a skeletal warrior
 11574 | D:10     | Noticed a skeletal warrior
 11575 | D:10     | Noticed a skeletal warrior
 11577 | D:10     | Noticed a skeletal warrior
 11582 | D:10     | Slain by a skeletal warrior

Illustrated notes

Levels and vault maps discovered:
D:1:      lightli_arrival_flooded_house, layout_basic
D:2:      layout_loops_ring
D:3:      layout_basic, serial_shops, shop, hellmonk_ghost_happy_afterlife
D:4:      layout_basic, xom_teletrap_fun, serial_shops,
          nicolae_shop_statue_plus, dk_rats_in_the_wall, uniq_sigmund
D:5:      layout_layer_cave, mainiacjoe_overflow_24_doors,
          gammafunk_temple_of_torment, slow_altar_1, uniq_duvessa,
          uniq_prince_ribbit1, uniq_edmund, uniq_eustachio
D:6:      layout_basic, mainiacjoe_overflow_surrounded_room,
          nicolae_ossuary_entry_ruins, serial_shops, nicolae_square_shop,
          gammafunk_ghost_smash, minmay_misc_feat_rows
D:7:      layout_loops_ring, temple_statues, hangedman_misty_isle
D:8:      layout_cave_pools, nicolae_qazlal_beasts_of_the_sky,
          kennysheep_small_square
D:9:      layout_cave_pools, nicolae_ru_path_of_blood,
          minmay_orc_entry_temple_small, kennysheep_generic_room_10, uniq_harold
D:10:     layout_rooms, mainiacjoe_overflow_cross_hatched, lair_entry_dummy,
          gammafunk_ghost_icy, uniq_snorg
Temple:   dshaligram_water_room_temple

Skill      XL: |  1  2  3  4  5  6  7  8  9 10 11 |
---------------+----------------------------------+-----
Unarmed Combat | 4 6 7 8 10 11 12 13 | 13.0
Dodging        | 3 |  3.6
Fighting       | 4 5 6 8 9 |  9.5
Shields        | 2 4 5 |  5.7
Armour         | 2 4 5 |  5.7
Shapeshifting  | 3 5 6 |  6.0

Action                     |  1- 3 |  4- 6 |  7- 9 | 10-12 || total
---------------------------+-------+-------+-------+-------++-------
  Melee: Unarmed           |   131 |    90 |   408 |   339 ||   968
         Dagger            |       |       |    32 |       ||    32
   Fire: Sling             |     9 |    25 |    27 |       ||    61
 Invoke: Convert to Beogh  |       |       |       |     1 ||     1
         Smiting           |       |       |       |     2 ||     2
Ability: Begin Untransform |       |       |     1 |     1 ||     2
  Evoke: Wand              |       |       |    12 |       ||    12
    Use: Potion            |       |     2 |     6 |     2 ||    10
   Stab: Sleeping          |     2 |       |       |       ||     2
 Armour: Robe              |    24 |       |       |       ||    24
         Ring mail         |     6 |    31 |     1 |       ||    38
         Chain mail        |       |       |   147 |     8 ||   155
         Plate armour      |       |       |       |    96 ||    96
         Steam dragon scal |       |       |       |    12 ||    12
  Dodge: Dodged            |    67 |    48 |   156 |   160 ||   431
  Block: Buckler           |    28 |    13 |    50 |       ||    91
         Kite shield       |       |       |    54 |   154 ||   208
   Form: Beast             |       |       |     1 |     2 ||     3

Table legend: (Time is in decaauts)
 A = Elapsed time spent in this place.
 B = Non-inter-level travel time spent in this place.
 C = Inter-level travel time spent in this place.
 D = Time resting spent in this place.
 E = Time spent auto-exploring this place.
 F = Levels seen in this place.
 G = Mean time per level.
                   A        B        C        D        E       F      G
               +--------+--------+--------+--------+--------+-----+--------+
         Total |  11560 |  10408 |   1152 |   2121 |   4645 |  12 |  963.3 |
       Dungeon |  11182 |  10032 |   1150 |   2121 |   4614 |  10 | 1118.2 |
        Temple |     86 |     85 |      1 |      0 |      0 |   1 |   86.0 |
       Ossuary |    291 |    291 |      0 |      0 |     31 |   1 |  291.0 |
               +--------+--------+--------+--------+--------+-----+--------+

Top non-repeatable levels by time:
     D:5: 2316 daAuts
     D:7: 1540 daAuts
     D:6: 1172 daAuts
     D:4: 1161 daAuts
     D:1: 1099 daAuts
     D:8: 1010 daAuts
     D:3: 999 daAuts
     D:2: 920 daAuts
     D:9: 858 daAuts
 Ossuary: 291 daAuts
    D:10: 102 daAuts
  Temple: 86 daAuts
